 Dungeon Crawl Stone Soup version 0.16.1-2-g95b8d4c (console) character file.

6759 gw the Basher (level 10, 0/94 HPs)
             Began as a Deep Dwarf Abyssal Knight on Mar 24, 2015.
             Was a Priest of Lugonu.
             Slain by a large abomination (28 damage)
             ... summoned by Lugonu's corruption
             ... on level 10 of the Dungeon.
             The game lasted 00:18:50 (8535 turns).

gw the Basher (Deep Dwarf Abyssal Knight)           Turns: 8535, Time: 00:18:50

Health: 0/94       AC: 22    Str: 15    XL:     10   Next: 75%
Magic:  14/14      EV:  7    Int: 21    God:    Lugonu [***...]
Gold:   457        SH:  0    Dex: 15    Spells: 0 memorised, 9 levels left

rFire  + . .     SeeInvis .     a - +0 dire flail
rCold  . . .     Clarity  .     y - +6 chain mail "Edah" {Int+5}
rNeg   . . .     SustAb   .     (no shield)
rPois  +         Gourm    .     (helmet restricted)
rElec  .         Spirit   .     i - +0 cloak
rCorr  .         Warding  .     z - +1 pair of gloves "Iroaka" {rPois Regen+}
rMut   .         Stasis   .     t - +0 pair of boots
MR     ++...                    r - amulet of faith
Stlth  ..........               h - ring of protection from fire
                                k - ring of protection from magic

@: non-regenerating, very resistant to hostile enchantments, extremely
unstealthy
A: damage resistance, recharge devices, horns 1, clever 1, sense surroundings 2,
slow healing 3, wild magic 1
a: Device Recharging, Depart the Abyss, Bend Space, Banish, Renounce Religion


You were on level 10 of the Dungeon.
You worshipped Lugonu.
Lugonu was most pleased with you.
You were not hungry.

You visited 1 branch of the dungeon, and saw 10 of its levels.
You visited the Abyss 3 times.
You also visited: Sewer.

You collected 457 gold pieces.

Inventory:

Hand weapons
 a - a +0 dire flail (weapon)
Missiles
 A - 21 bolts
 D - 13 bolts of frost
Armour
 i - a +0 cloak (worn)
 t - a +0 pair of boots (worn)
 y - the +6 chain mail "Edah" (worn) {Int+5}
   (You found it on level 6 of the Dungeon)

   It affects your intelligence (+5).
 z - the +1 pair of gloves "Iroaka" (worn) {rPois Regen+}
   (You found it on level 8 of the Dungeon)

   It protects you from poison.
   It increases your rate of regeneration.
Jewellery
 h - a ring of protection from fire (right hand)
 k - a ring of protection from magic (left hand)
 r - an amulet of faith (around neck)
Magical devices
 c - a wand of heal wounds (1)
 j - a wand of disintegration (5)
 n - a wand of slowing (23)
 p - a wand of random effects (29)
 v - a wand of draining (5)
 C - a wand of polymorph (16)
Scrolls
 g - a scroll of magic mapping
 m - 7 scrolls of identify
 w - a scroll of remove curse
 B - a scroll of enchant weapon {unknown}
Potions
 e - a potion of flight
 f - 6 potions of curing
 l - a potion of brilliance
 q - a potion of lignification
 s - 2 potions of resistance
 F - 2 potions of ambrosia {unknown}
Comestibles
 b - 3 slices of pizza
 d - 5 bread rations
 o - 2 meat rations
 u - 35 fruits
 x - a beef jerky


   Skills:
 + Level 7.3 Fighting
 * Level 10.6 Maces & Flails
 + Level 8.4 Armour
 - Level 1.1 Dodging
 + Level 9.9 Invocations


You had 9 spell levels left.
You didn't know any spells.

Dungeon Overview and Level Annotations

Branches:
Dungeon (10/15)            Temple (0/1) D:5            Lair (0/8) D:9
    Orc: D:9-12

Altars:
Cheibriados
Dithmenos
Makhleb
Okawaru
Ru
Sif Muna
The Shining One

Annotations:
D:8 exclusion: downstairs
D:9 corrupted
D:10 corrupted


Innate Abilities, Weirdness & Mutations

You are resistant to damage.
You can recharge devices by infusing magical energy.
You passively map the area around you.
You do not heal naturally.
You have a pair of small horns on your head.
Your mind is acute. (Int +2)
Your spells are a little harder to cast, but a little more powerful.


Message History

The hellfire explodes!
The burst of hellfire engulfs the crimson imp.
The crimson imp dies!
The burst of hellfire engulfs you!
Unknown command.
Unknown command.
Unknown command.
Unknown command.
MOVING TO (1,8)
The sixfirhy hits you but does no damage.
Unknown command.
Unknown command.
Unknown command.
MOVING TO (1,7) Unknown command.
Unknown command.
Unknown command.
MOVING TO (1,6)
The large abomination hits you!!
You die...

*,* #.# #.#
#.# * * ###.#
, *, *** #...#
* , #.###
**#4##### *
#..#####..3..#
,
#.......g.##.#
##.#####X###(#
* * #.# #.#.#
* , #2# #...#
,* # #.#####.#
...#####..#
#.# * * ,
#....#..###
#.# * *,
#.....# #.#
#.# * *
##.###.# #?#


You could see a neutral large abomination (wandering), a neutral sixfirhy
(wandering), a neutral hellion (wandering) and a neutral chaos spawn
(wandering).

Table legend:
 A = Turns spent in this place as a percentage of turns spent in the entire game.
 B = Non-inter-level travel turns spent in this place as a percentage of non-inter-level travel turns spent in the entire game.
 C = Inter-level travel turns spent in this place as a percentage of turns spent in this place.
 D = Turns resting spent in this place as a percentage of non-inter-level travel turns spent in this place.
 E = Turns spent auto-exploring this place as a percentage of non-inter-level travel turns spent in this place.
 F = Non-inter-level travel turns spent in this place divided by the number of levels of this place that you've seen.
                   A       B       C       D       E      F
               +-------+-------+-------+-------+-------+----------------------
         Total | 100.0 | 100.0 |   0.2 |   0.0 |   2.1 | 1811.2
       Dungeon |  84.6 |  84.5 |   0.3 |   0.0 |   2.2 | 2143.8
         Abyss |   2.5 |   2.5 |   0.0 |   0.0 |   2.0 | 212.0
         Sewer |  12.9 |  12.9 |   0.0 |   0.0 |   1.6 | 3283.0
               +-------+-------+-------+-------+-------+----------------------

Table legend:
 A = Kills in this place as a percentage of kills in entire the game.
 B = Kills by you in this place as a percentage of kills by you in the entire game.
 C = Kills by friends in this place as a percentage of kills by friends in the entire game.
 D = Other kills in this place as a percentage of other kills in the entire game.
 E = Experience gained in this place as a percentage of experience gained in the entire game.
 F = Experience gained in this place divided by the number of levels of this place that you have seen.
                   A       B       C       D       E      F
               +-------+-------+-------+-------+-------+----------------------
         Total | 100.0 | 100.0 |  -nan | 100.0 | 100.0 | 689.7
       Dungeon |  81.9 |  81.4 |  -nan | 100.0 |  88.5 | 854.3
         Abyss |   1.4 |   1.4 |  -nan |   0.0 |   7.5 | 242.7
         Sewer |  16.7 |  17.2 |  -nan |   0.0 |   4.0 | 385.0
               +-------+-------+-------+-------+-------+----------------------

Vanquished Creatures
  Joseph (D:10)
  An ancient zyme (Abyss:1)
  A basilisk (D:9)
  A ynoxinul (Abyss:1)
  2 hungry ghosts
  A large abomination (Abyss:1)
  Edmund (D:6)
  4 orc warriors
  2 ice beasts
  A porcupine (D:9)
  4 sky beasts
  6 ogres
  A necrophage (D:9)
  2 centaurs
  Duvessa (D:6)
  3 crocodiles (D:9)
  3 big kobolds
  3 giant frogs
  2 scorpions (D:4)
  A small abomination (D:10)
  9 wights
  2 crimson imps (D:5)
  3 goliath beetles
  Dowan (D:6)
  6 hounds
  A giant frog skeleton (D:4)
  An orc priest (D:4)
  3 centaur skeletons
  3 worker ants
  4 iguanas
  4 orc wizards
  5 sheep (D:9)
  3 hound zombies
  2 hound skeletons
  A worker ant zombie (D:8)
  14 adders
  3 gnolls (D:7)
  7 river rats (Sewer)
  3 shadow imps
  A giant mite (D:8)
  2 ufetubi (Abyss:1)
  2 worms
  An adder skeleton (D:6)
  4 giant geckos
  3 oozes
  30 orcs
  10 bats
  A bat skeleton (D:7)
  3 giant cockroaches
  15 goblins
  7 hobgoblins
  2 quokkas
  4 ball pythons
  7 giant newts
  10 jackals
  A jackal skeleton (D:8)
  A jackal zombie (D:7)
  28 kobolds
  A quokka skeleton (D:9)
  33 rats
  9 ballistomycetes
291 creatures vanquished.

Vanquished Creatures (others)
  The ghost of cerealjynx the Carver, an experienced MiFi of Okawaru (D:8)
  The ghost of TekDriveTruck the Cleaver, an experienced DDBe of Trog (D:10)
  A hill giant (D:10)
  A worldbinder (D:10)
  A basilisk (D:9)
  2 yaks (D:10)
  Grum (D:9)
  A large abomination (D:10)
  3 wolves (D:9)
  2 porcupines (D:9)
  The ghost of gw the Bolt Thrower, an average HuHu of Cheibriados (D:3)
  A crocodile (D:9)
  A giant frog zombie (D:9)
  3 crimson imps
  6 sheep (D:9)
  A worker ant (D:9)
  2 river rats (D:9)
  2 white imps (D:10)
  An ufetubus (D:10)
  An orc (D:9)
  A giant cockroach (D:8)
  3 giant spores
  A rat (D:9)
  A fungus (D:9)
  A plant (D:9)
40 creatures vanquished.

Grand Total: 331 creatures vanquished

Notes
Turn   | Place    | Note
--------------------------------------------------------------
     0 | Abyss:1  | gw, the Deep Dwarf Abyssal Knight, began the quest for the Orb.
     0 | Abyss:1  | Reached XP level 1. HP: 20/20 MP: 1/1
    15 | D:1      | Escaped the Abyss
   141 | D:1      | Reached XP level 2. HP: 24/27 MP: 2/2
   172 | D:1      | Acquired Lugonu's second power
   563 | D:1      | Reached XP level 3. HP: 29/33 MP: 4/4
   699 | D:2      | Found a sacrificial altar of Ru.
   768 | D:2      | Reached skill level 3 in Fighting
  1132 | D:2      | Acquired Lugonu's third power
  1282 | D:3      | Reached XP level 4. HP: 38/42 MP: 6/6
  1404 | D:3      | Noticed gw's ghost (average HuHu)
  1404 | D:3      | Banished gw's ghost
  1408 | D:3      | Found a glowing drain.
  1413 | Sewer    | Entered a sewer
  1447 | Sewer    | Reached XP level 5. HP: 39/49 MP: 6/8
  1580 | Sewer    | Noticed a big kobold
  1605 | Sewer    | Killed a big kobold
  1605 | Sewer    | Reached skill level 4 in Maces & Flails
  1754 | Sewer    | Reached XP level 6. HP: 46/57 MP: 10/10
  1856 | Sewer    | Acquired Lugonu's fourth power
  1975 | Sewer    | Noticed a big kobold
  2005 | Sewer    | Killed a big kobold
  2415 | D:3      | Found a snail-covered altar of Cheibriados.
  2486 | D:3      | Acquired Lugonu's fifth power
  2603 | D:3      | Found a deep blue altar of Sif Muna.
  2614 | D:3      | Reached skill level 5 in Maces & Flails
  2880 | D:4      | Reached XP level 7. HP: 55/64 MP: 11/11
  3161 | D:4      | Reached skill level 5 in Invocations
  3461 | D:4      | Found an iron altar of Okawaru.
  3477 | D:5      | Entered Level 5 of the Dungeon
  3477 | D:5      | Found a shadowy altar of Dithmenos.
  3548 | D:5      | Reached skill level 6 in Maces & Flails
  3563 | D:5      | Found a burning altar of Makhleb.
  3672 | D:5      | Found a staircase to the Ecumenical Temple.
  3709 | D:5      | Reached XP level 8. HP: 53/73 MP: 14/14
  4027 | D:5      | Reached skill level 5 in Armour
  4303 | D:6      | Reached skill level 5 in Fighting
  4403 | D:6      | Noticed Edmund
  4447 | D:6      | Killed Edmund
  4447 | D:6      | Reached skill level 7 in Maces & Flails
  4569 | D:6      | Noticed Duvessa
  4570 | D:6      | Noticed Dowan
  4592 | D:6      | Killed Dowan
  4601 | D:6      | Killed Duvessa
  4611 | D:6      | Got a faintly glowing chain mail
  4622 | D:6      | Identified the +6 chain mail "Edah" {Int+5} (You found it on level 6 of the Dungeon)
  4829 | D:6      | Gained mutation: You passively map the area around you. [level up]
  4829 | D:6      | Reached XP level 9. HP: 57/81 MP: 16/16
  5303 | D:7      | Reached skill level 8 in Maces & Flails
  5888 | D:7      | Found a glowing golden altar of the Shining One.
  6035 | D:8      | Noticed cerealjynx's ghost (experienced MiFi)
  6040 | D:8      | Banished cerealjynx's ghost
  6149 | D:8      | Reached skill level 9 in Maces & Flails
  6318 | D:8      | Got a pair of warped gloves
  6324 | D:8      | Identified the +1 pair of gloves "Iroaka" {rPois Regen+} (You found it on level 8 of the Dungeon)
  6711 | D:8      | Gained mutation: Your spells are a little harder to cast, but a little more powerful. [potion of mutation]
  6711 | D:8      | Gained mutation: Your mind is acute. (Int +2) [potion of mutation]
  6711 | D:8      | Gained mutation: You have a pair of small horns on your head. [potion of mutation]
  6722 | D:9      | Noticed Grum
  6738 | Abyss:1  | Noticed a great orb of eyes
  6738 | D:9      | Escaped the Abyss
  6767 | D:9      | Reached XP level 10. HP: 63/92 MP: 6/18
  6974 | D:9      | Escaped the Abyss
  6987 | D:9      | Found a staircase to the Lair.
  7038 | D:9      | Corrupted D:9
  7038 | D:9      | Noticed a starcursed mass
  7038 | D:9      | Noticed a worldbinder
  7038 | D:9      | Noticed a thrashing horror
  7040 | D:9      | Noticed an ironheart preserver
  7046 | D:9      | Reached skill level 10 in Maces & Flails
  7047 | D:9      | Noticed an ice devil
  7048 | D:9      | Noticed a starcursed mass
  7049 | D:9      | Noticed a starcursed mass
  7049 | D:9      | Noticed a starcursed mass
  7050 | D:9      | Noticed a worldbinder
  7050 | D:9      | Noticed a starcursed mass
  7053 | D:9      | Noticed a thrashing horror
  7075 | D:9      | Killed Grum
  7162 | D:9      | Noticed a tentacled starspawn
  7170 | D:9      | Noticed a worldbinder
  8025 | D:10     | Entered Level 10 of the Dungeon
  8051 | D:10     | Noticed Joseph
  8082 | D:10     | Killed Joseph
  8135 | D:10     | Noticed a hill giant
  8136 | D:10     | Banished a hill giant
  8405 | D:10     | Noticed TekDriveTruck's ghost (experienced DDBe)
  8466 | D:10     | Corrupted D:10
  8466 | D:10     | Noticed a giant orange brain
  8467 | D:10     | Noticed a worldbinder
  8471 | D:10     | Killed a worldbinder
  8478 | D:10     | Killed TekDriveTruck's ghost
  8503 | D:10     | Noticed a sixfirhy
  8535 | D:10     | Slain by a large abomination

Action                   |  1- 3 |  4- 6 |  7- 9 | 10-12 || total
-------------------------+-------+-------+-------+-------++-------
Melee: Mace              |   147 |   461 |   344 |       ||   952
       Flail             |       |       |   215 |       ||   215
       Morningstar       |       |       |   158 |       ||   158
       Dire flail        |       |       |    48 |   292 ||   340
Invok: Banish            |       |     1 |     1 |     2 ||     4
       Depart the Abyss  |       |       |     1 |     1 ||     2
       Enter the Abyss   |       |       |     1 |     1 ||     2
       Bend Space        |       |       |       |     3 ||     3
       Corrupt           |       |       |       |     2 ||     2
 Abil: Device Recharging |       |     1 |     3 |     5 ||     9
Evoke: Wand              |     1 |     5 |    19 |    15 ||    40
  Use: Scroll            |     8 |     1 |     8 |     2 ||    19
       Potion            |     4 |     7 |     6 |     2 ||    19
 Stab: Distracted        |       |       |       |     3 ||     3
  Eat: Chunk             |     1 |     6 |    15 |     8 ||    30
       Pizza             |       |       |     2 |     2 ||     4

Vault maps used:
D:1:      lemuel_arrival_cross, kennysheep_nondescript, hangedman_glass_teeth,
          serial_bayou_pond_b
D:2:      nicolae_overflow_crystal_walls, first_bread, fountainhead
D:3:      cheibriados_altar_1, led_sif_pool, lightli_sewer_entry_pipes,
          kennysheep_generic_room_14
D:4:      wad_pebble_path, lemuel_coloured_pillars_altar
D:5:      old_standard_altar, overflow_temple_1_default, temple_green
D:6:      uniq_edmund, uniq_duvessa
D:7:      kennysheep_little_box, kennysheep_generic_room_8
D:9:      minmay_lair_entry_grove, uniq_grum
D:10:     serial_shops, shop_fountains, blue_anna_alchemist, uniq_joseph
Abyss:1:  evilmike_abyss_exit_vortex, evilmike_abyss_exit_10
Sewer:    sewer_minmay_treatment
